 Dungeon Crawl Stone Soup version 0.20.1-1-g8b1a95d (webtiles) character file.

1433 Gremour the Carver (level 8, 0/46 HPs)
             Began as a Gargoyle Fighter on Nov 13, 2017.
             Slain by an ogre
             ... wielding a +0 giant club
              (16 damage)
             ... on level 6 of the Dungeon.
             The game lasted 00:26:01 (5324 turns).

Gremour the Carver (Gargoyle Fighter)               Turns: 5324, Time: 00:26:02

Health: 0/46       AC: 16    Str: 20    XL:     8   Next: 73%
Magic:  8/8        EV:  9    Int:  9    God:
Gold:   196        SH:  0    Dex: 11    Spells: 7/7 levels left

rFire    . . .     SeeInvis .   w - +1 great sword
rCold    . . .     Gourm    .   (shield currently unavailable)
rNeg     + . .     Faith    .   b - +0 scale mail
rPois    ∞         Spirit   .   u - +0 helmet
rElec    +         Reflect  .   d - +0 cloak
rCorr    .         Harm     .   y - +1 pair of gloves
MR       .....                  (no boots)
Stlth    ..........             v - amulet of rage
Regen    0.2/turn               (no ring)
MPRegen  0.2/turn               (no ring)

@: no status effects
A: negative energy resistance 1, electricity resistance, unbreathing,
petrification resistance, rot immunity, AC +5
a: Evoke Berserk Rage


You were on level 6 of the Dungeon.
You were not hungry.

You visited 1 branch of the dungeon, and saw 6 of its levels.

You collected 196 gold pieces.

Inventory:

Hand Weapons
 a - a +0 long sword
 w - a +1 great sword (weapon)
Armour
 b - a +0 scale mail (worn)
 c - a +0 shield
 d - a +0 cloak (worn)
 h - a +1 leather armour of magic resistance
 u - a +0 helmet (worn)
 y - a +1 pair of gloves (worn)
Jewellery
 v - an amulet of rage (around neck)
Wands
 m - a wand of flame (23/48)
 t - a wand of random effects (35/48)
Scrolls
 i - 2 scrolls of identify
 j - a scroll of fear
 n - 2 scrolls of amnesia
 p - 2 scrolls of immolation
Potions
 e - 2 potions of agility
Books
 x - a book of Callings

   Spells                             Type                      Level
   a - Summon Small Mammal            Summoning                    1
   b - Call Imp                       Summoning                    2
   c - Call Canine Familiar           Summoning                    3
   d - Summon Guardian Golem          Hexes/Summoning              3
   e - Summon Lightning Spire         Summoning/Air                4
   f - Summon Ice Beast               Ice/Summoning                4
Comestibles
 f - 3 bread rations
 g - a meat ration
 k - 5 chunks of flesh
 l - a royal jelly


   Skills:
 - Level 3.2 Fighting
 + Level 9.8 Long Blades
 - Level 3.2 Armour
 - Level 3.2 Shields


You had 7 spell levels left.
You didn't know any spells.

Dungeon Overview and Level Annotations

Branches:
Dungeon (6/15)
 Temple: D:4-7

Altars:
Ashenzari
Fedhas
Kikubaaqudgha
Makhleb
Nemelex Xobeh
Trog
The Shining One

Shops:
D:5 :


Innate Abilities, Weirdness & Mutations

You are resistant to torment.
Your stone body is resilient. (AC +5)
You are immune to poison.
You resist negative energy. (rN+)
You are resistant to electric shocks. (rElec)
You can survive without breathing.
You are immune to petrification.
You are immune to rotting.


Message History

The ogre is lightly wounded.
The ogre barely misses you.
You barely miss the ogre.
The ogre is lightly wounded.
The ogre barely misses you.
You hear a distant blaring wail to the east.
You slash the ogre!
The ogre is heavily wounded.
The ogre closely misses you.
You riposte.
You barely miss the ogre.
The ogre is heavily wounded.
Your scale mail prevents you from hitting the ogre.
The ogre is heavily wounded.
The ogre hits you with a giant club!
You barely miss the ogre.
The ogre is heavily wounded.
The ogre hits you with a giant club!!
You hit the ogre.
The ogre is severely wounded.
The ogre hits you with a giant club!
You die...

#....#.# .
......#.# ..
.......#.# ...
.......#.# ....
.......#.# .....
..... #.##......
......#......5..
........########
........5O@...#
......#.#####.#
.........
........#
###!##..# #.
#..# . #..# #..


You could see an ogre and a crimson imp.

Vanquished Creatures
  Grinder (D:4)
  Sigmund (D:3)
  Edmund (D:4)
  2 phantoms
  2 ogres (D:4)
  2 scorpions (D:4)
  A howler monkey (D:6)
  A crimson imp (D:5)
  Crazy Yiuf (D:2)
  2 bullfrog skeletons
  3 orc wizards (D:3)
  Natasha (twice) (D:4)
  2 worker ants (D:5)
  Robin (D:2)
  6 adders
  2 shadow imps
  4 worms
  A leopard gecko (D:3)
  17 orcs
  3 ball pythons
  2 bats
  7 giant cockroaches
  12 goblins
  11 hobgoblins
  8 jackals
  2 quokkas
  4 frilled lizards
  6 kobolds
  A leopard gecko skeleton (D:4)
  A quokka zombie (D:5)
  6 rats
115 creatures vanquished.

Notes
Turn   | Place    | Note
-------+----------+-------------------------------------------
     0 | D:1      | Gremour the Gargoyle Fighter began the quest for the Orb.
     0 | D:1      | Reached XP level 1. HP: 14/14 MP: 1/1
    52 | D:1      | Reached skill level 2 in Long Blades
   211 | D:1      | Reached XP level 2. HP: 15/19 MP: 2/2
   450 | D:1      | Reached skill level 3 in Long Blades
   503 | D:1      | Reached XP level 3. HP: 23/23 MP: 3/3
   930 | D:2      | Found a blossoming altar of Fedhas.
   930 | D:2      | Found a burning altar of Makhleb.
   930 | D:2      | Found a bloodstained altar of Trog.
  1040 | D:2      | Found a glowing golden altar of the Shining One.
  1289 | D:2      | Reached XP level 4. HP: 27/28 MP: 4/4
  1382 | D:2      | Noticed Robin
  1470 | D:2      | Killed Robin
  1470 | D:2      | Reached skill level 4 in Long Blades
  1680 | D:2      | Found a runed door.
  1685 | D:2      | Noticed Crazy Yiuf
  1689 | D:2      | Killed Crazy Yiuf
  1915 | D:3      | Reached XP level 5. HP: 29/32 MP: 5/5
  2091 | D:3      | Noticed Sigmund
  2096 | D:3      | Killed Sigmund
  2096 | D:3      | Reached skill level 5 in Long Blades
  2096 | D:3      | Reached XP level 6. HP: 18/37 MP: 6/6
  2686 | D:3      | Reached skill level 6 in Long Blades
  3045 | D:3      | Noticed a phantom
  3057 | D:3      | Killed a phantom
  3057 | D:3      | Reached XP level 7. HP: 39/41 MP: 7/7
  3113 | D:4      | Reached skill level 7 in Long Blades
  3179 | D:4      | Noticed Edmund
  3233 | D:4      | Killed Edmund
  3454 | D:4      | Noticed Natasha
  3461 | D:4      | Killed Natasha
  3664 | D:4      | Reached skill level 8 in Long Blades
  3686 | D:4      | HP: 1/41 [ogre/giant club (3)]
  3739 | D:4      | Reached XP level 8. HP: 6/46 MP: 8/8
  4063 | D:4      | Found a shattered altar of Ashenzari.
  4305 | D:4      | Noticed Grinder
  4322 | D:4      | Killed Grinder
  4322 | D:4      | Reached skill level 9 in Long Blades
  4351 | D:4      | Noticed Natasha
  4356 | D:4      | Killed Natasha
  4378 | D:4      | Found a sparkling altar of Nemelex Xobeh.
  4480 | D:5      | Entered Level 5 of the Dungeon
  4852 | D:5      | Found an ancient bone altar of Kikubaaqudgha.
  5023 | D:5      | Found Emohiaff's Book Shop.
  5324 | D:6      | Slain by an ogre

Skill      XL: |  1  2  3  4  5  6  7  8 |
---------------+-------------------------+-----
Long Blades    | 2 3 4 5 6 8 9 |  9.8
Fighting       | |  3.2
Armour         | |  3.2
Shields        | |  3.2

Action                   |  1- 3 |  4- 6 |  7- 9 || total
-------------------------+-------+-------+-------++-------
Melee: Long sword        |   138 |       |       ||   138
       Great sword       |    10 |   138 |   154 ||   302
  Use: Potion            |       |     3 |     5 ||     8
       Scroll            |       |     2 |     9 ||    11
  Eat: Chunk             |     2 |     5 |     6 ||    13
       Royal jelly       |       |       |     1 ||     1
Armor: Scale mail        |    79 |    95 |    81 ||   255
Dodge: Dodged            |    37 |    56 |    65 ||   158
Block: Shield            |    61 |       |       ||    61
       Rpst.: Long sword |    12 |       |       ||    12
       Great sword       |     1 |     9 |    23 ||    33
